 Dungeon Crawl Stone Soup version 0.23-a0-305-g7ffd15e (webtiles) character file.

248 CcS the Skirmisher (level 6, -4/99 HPs)
             Began as an Ogre Transmuter on Oct 9, 2018.
             Slain by a slave (6 damage)
             ... led by Pikel
             ... on level 3 of the Dungeon.
             The game lasted 00:05:46 (3873 turns).

CcS the Skirmisher (Ogre Transmuter)                Turns: 3873, Time: 00:05:47

Health: -4/99      AC: 23    Str: 21    XL:     6   Next: 12%
Magic:  9/9        EV:  1    Int: 19    God:
Gold:   89         SH:  0    Dex: 10    Spells: 3/9 levels left

rFire    . . .     SeeInvis .     - Unarmed
rCold    . . .     Gourm    .   (no shield)
rNeg     + + +     Faith    .   (armour currently unavailable)
rPois    +         Spirit   .   (helmet currently unavailable)
rElec    .         Reflect  .   (cloak currently unavailable)
rCorr    .         Harm     .   (gloves unavailable)
MR       .....     NoTele   +   (boots unavailable)
Stlth    +.........             (no amulet)
HPRegen  0.26/turn              (no ring)
MPRegen  0.11/turn              (no ring)

@: mighty, brilliant, tree-form
A: large, unfitting armour
a: no special abilities


You were on level 3 of the Dungeon.
You were not hungry.
You were a tree.
You visited 1 branch of the dungeon, and saw 4 of its levels.

You collected 89 gold pieces.

Inventory:

Missiles
 a - 4 arrows
Armour
 b - a +0 robe (melded)
 e - a +0 cloak (melded)
Jewellery
 g - an uncursed ring of wizardry {unknown}
 p - an uncursed ring of protection from cold {unknown}
Scrolls
 f - 3 scrolls of remove curse
 h - a scroll of fear {unknown}
 i - a scroll of immolation
 k - a scroll of enchant weapon {unknown}
 n - 4 scrolls of identify
 o - a scroll of fog {unknown}
 t - a scroll of magic mapping
 u - a scroll of enchant armour {unknown}
 v - a scroll of teleportation {unknown}
Potions
 j - a potion of agility {unknown}
 l - a potion of heal wounds {unknown}
Comestibles
 d - a ration
 x - a chunk of flesh


   Skills:
 - Level 5.0 Fighting
 - Level 1.7 Dodging
 + Level 4.5 Unarmed Combat
 - Level 2.4 Spellcasting
 + Level 2.3 Transmutations
 + Level 0.8 Poison Magic


You had 3 spell levels left.
You knew the following spells:

 Your Spells              Type           Power        Failure   Level  Hunger
a - Beastly Appendage     Tmut           ###...       1%          1    #......
b - Sticks to Snakes      Tmut           ###.....     1%          2    ##.....
c - Spider Form           Tmut/Pois      ###.......   3%          3    ###....

Your spell library contained the following spells:

 Spells                   Type           Power        Failure   Level  Hunger
 Ice Form                 Ice/Tmut       ###.....     11%         4    #####..
 Blade Hands              Tmut           ###.......   17%         5    ######.


Dungeon Overview and Level Annotations

Branches:
Dungeon (4/15)
 Temple: D:4-7

Altars:
Trog
Xom

Annotations:
D:3 Pikel
D:4 Dowan, Duvessa


Innate Abilities, Weirdness & Mutations

You are too large for most types of armour.
((You have tough skin. (AC +1)))


Message History

You feel very mighty all of a sudden. The slave hits you!
* * * LOW HITPOINT WARNING * * *
Pikel hits you with a whip of freezing.
* * * LOW HITPOINT WARNING * * *
Pikel freezes you.
* * * LOW HITPOINT WARNING * * *
The slave hits you but does no damage.
It was a potion of lignification.
You turn into a tree.
Your +0 cloak melds into your body.
Your +0 robe melds into your body.
Your roots penetrate the ground.
The slave hits you but does no damage. Pikel hits you but does no damage.
The slave hits you but does no damage.
It was a potion of magic.
Magic courses through your body. The slave hits you.
* * * LOW HITPOINT WARNING * * *
Pikel hits you but does no damage. The slave completely misses you.
It was a potion of brilliance.
You feel clever all of a sudden. The slave hits you but does no damage.
Pikel hits you but does no damage. The slave hits you.
You die...

################
.......#.......#
.......#(......#
.......#..<....#
.......#.[..[[.#######
...............p♣p..(#
......####.#'###K###.#######
......'.......##.###(#?.....
......####....##.#..(....#
...............#[#.((....#
...............#.#.S.....#
......####.......#..K....#
......# #....#.(#.......#
......# ######..#.......#


You could see Pikel (inner flame) and 2 slaves.

Vanquished Creatures
  Sigmund (D:3)
  2 slaves (D:3)
  3 adders
  3 worms
  3 dart slugs
  2 leopard geckos
  8 bats
  2 giant cockroaches
  6 goblins
  4 hobgoblins
  A jackal (D:1)
  5 kobolds
  3 frilled lizards
  9 rats
52 creatures vanquished.

Notes
Turn   | Place    | Note
-------+----------+-------------------------------------------
     0 | D:1      | CcS the Ogre Transmuter began the quest for the Orb.
     0 | D:1      | Reached XP level 1. HP: 19/19 MP: 3/3
    33 | D:1      | Reached skill level 2 in Fighting
   130 | D:1      | Reached XP level 2. HP: 25/29 MP: 5/5
   138 | D:1      | Reached skill level 3 in Fighting
   783 | D:2      | Found a shimmering altar of Xom.
   783 | D:2      | Found a shimmering altar of Xom.
   785 | D:2      | Found a shimmering altar of Xom.
   890 | D:2      | Reached XP level 3. HP: 32/39 MP: 6/6
   915 | D:2      | Reached skill level 4 in Fighting
  1273 | D:2      | Noticed a moth of wrath
  1276 | D:2      | Found a bloodstained altar of Trog.
  1347 | D:2      | Learned a level 2 spell: Sticks to Snakes
  1911 | D:3      | Reached skill level 5 in Fighting
  1911 | D:3      | Reached XP level 4. HP: 13/50 MP: 0/7
  2312 | D:3      | Noticed Sigmund
  2696 | D:4      | Noticed Duvessa
  2696 | D:4      | Noticed Dowan
  3220 | D:4      | Noticed Pikel
  3220 | D:4      | Noticed a slave
  3220 | D:4      | Noticed a slave
  3221 | D:4      | Noticed a slave
  3238 | D:3      | Learned a level 3 spell: Spider Form
  3243 | D:4      | Noticed a slave
  3264 | D:3      | Killed a slave
  3569 | D:3      | Killed a slave
  3790 | D:3      | Killed Sigmund
  3790 | D:3      | Reached XP level 5. HP: 48/57 MP: 5/8
  3790 | D:3      | Reached XP level 6. HP: 56/66 MP: 5/9
  3872 | D:3      | HP: 2/99 [slave[Pikel] (5)]
  3873 | D:3      | Slain by a slave

Vault maps used:
D:1:      dpeg_arrival_pits, serial_forest, infiniplex_forest_straight_3,
          infiniplex_forest_straight_5, infiniplex_forest_clump_double,
          infiniplex_forest_straight_2, infiniplex_forest_straight_3,
          infiniplex_forest_end_2, st_stairs_13, hangedman_decor_push
D:2:      tgw_trog, xom_redecorated
D:3:      lemuel_doored_altar, first_ration, uniq_sigmund, uniq_robin
D:4:      minmay_temple_entry_overgrown, tgw_kikubaaqudgha, uniq_duvessa,
          uniq_pikel

Skill      XL: |  1  2  3  4 |
---------------+-------------+-----
Fighting       | 2 3 5 |  5.0
Unarmed Combat | 4 |  4.5
Transmutations | 2 |  2.3
Dodging        | |  1.7
Spellcasting   | |  2.4
Poison Magic   | |  0.8

Action                   |  1- 3 |  4- 6 || total
-------------------------+-------+-------++-------
Melee: Unarmed           |   159 |    91 ||   250
       Punch             |     2 |     1 ||     3
       Kick              |     2 |       ||     2
       Headbutt          |       |     2 ||     2
 Cast: Sticks to Snakes  |     6 |     2 ||     8
       Beastly Appendage |     1 |     1 ||     2
       Spider Form       |       |     3 ||     3
  Use: Potion            |       |     7 ||     7
       Scroll            |       |     4 ||     4
 Stab: Sleeping          |     1 |       ||     1
  Eat: Chunk             |     3 |     1 ||     4
       Ration            |       |     3 ||     3
Armor: Robe              |    63 |    23 ||    86
       Skin              |       |     6 ||     6
Dodge: Dodged            |   103 |    65 ||   168

Table legend:
 A = Non-vault XP
 B = Vault XP
 C = Vault XP percentage of total XP
 D = Non-vault monster count
 E = Vault monster count
 F = Vault count percentage of total count
                 A         B        C        D         E       F
            +---------+---------+-------+---------+---------+-------
      Total |     109 |     246 |  69.3 |      42 |       8 |  16.0
            +---------+---------+-------+---------+---------+-------
        D:1 |      17 |       3 |  15.0 |      10 |       2 |  16.7
        D:2 |      55 |      12 |  17.9 |      19 |       5 |  20.8
        D:3 |      37 |     231 |  86.2 |      13 |       1 |   7.1
            +---------+---------+-------+---------+---------+-------
